 Dungeon Crawl Stone Soup version 0.29-a0-1033-gb6c65ffae6 (webtiles) character file.

Game seed: 11601566964588978544

7 ytrimaz the Trooper (level 1, -2/27 HPs)
             Began as a Demonspawn Berserker on Aug 14, 2022.
             Was a Follower of Trog.
             Killed from afar by a dart slug (5 damage)
             ... with a slug dart
             ... on level 1 of the Dungeon.
             The game lasted 00:00:25 (190 turns).

ytrimaz the Trooper (Demonspawn Berserker)           Turns: 190, Time: 00:00:25

Health: -2/27      AC:  3    Str: 17    XL:     1   Next: 91%
Magic:  1/1        EV: 12    Int:  8    God:    Trog [*.....]
Gold:   0          SH:  0    Dex: 12    Spells: 0/0 levels left

rFire   . . .      SeeInvis .   a - +0 hand axe
rCold   . . .      Faith    .   (no shield)
rNeg    . . .      Spirit   .   b - +0 animal skin
rPois   .          Reflect  .   (no helmet)
rElec   .          Harm     .   e - +0 cloak
rCorr   .          Rampage  .   (no gloves)
Will    .....                   (no boots)
Stlth   ..........              (no amulet)
HPRegen 0.09/turn               (no ring)
MPRegen 0.07/turn               (no ring)

@: berserking, very quick
A: no striking features
a: Renounce Religion, Berserk


You were on level 1 of the Dungeon.
You worshipped Trog.
Trog was aware of your devotion.
You visited 1 branch of the dungeon, and saw 1 of its levels.

Inventory:

Hand Weapons
 a - a +0 hand axe (weapon)
Armour
 b - a +0 animal skin (worn)
 e - a +0 cloak (worn)
Scrolls
 c - a scroll of enchant armour {unknown}
 d - a scroll of identify {unknown}


   Skills:
 + Level 3.2 Fighting
 + Level 2.9 Axes
 + Level 1.8 Armour
 - Level 1.8 Dodging


You couldn't memorise any spells.
You didn't know any spells.
Your spell library was empty.

Dungeon Overview and Level Annotations

Branches:
Dungeon (1/15)

Altars:


Message History

You hit the hobgoblin but do no damage.
The hobgoblin is severely wounded.
The hobgoblin hits you but does no damage.
You barely miss the hobgoblin.
The hobgoblin is severely wounded.
The hobgoblin hits you but does no damage.
The hobgoblin closely misses you.
A hobgoblin is nearby!
You hit the hobgoblin.
You kill the hobgoblin!
Trog accepts your kill.
A hobgoblin comes into view.
The hobgoblin shouts!
A hobgoblin is nearby!
A hobgoblin is nearby!
There is a stone staircase leading down here.
A quokka comes into view.
The hobgoblin hits you.
You barely miss the hobgoblin. You hit the quokka but do no damage.
The quokka bites you. The hobgoblin hits you. The quokka bites you.
You barely miss the hobgoblin. You miss the quokka. The quokka bites you.
The hobgoblin misses you.
There are monsters nearby!
You completely miss the hobgoblin. You hit the quokka.
You kill the quokka!
Trog accepts your kill. The hobgoblin hits you.
* * * LOW HITPOINT WARNING * * *
Unknown command.
You hit the hobgoblin.
The hobgoblin is moderately wounded.
The hobgoblin misses you.
A dart slug comes into view.
Unknown command.
A red film seems to cover your vision as you go berserk!
You feel yourself moving faster!
You feel mighty!
The hobgoblin hits you but does no damage.
The dart slug launches a dart at you. The slug dart hits you.
You die...

##############.#
##.# .# #..#
####...#
##.#########
.......#
#..........#
##.....#
#..........#
.....#
#..........#
..w...#
#####>.#####
......# #@.#
......#
#..g.....#
##[.!..
#....######
#.... w.....#
#...#..##
##....# #..#.
#.##.


You could see a dart slug and a hobgoblin.

Vanquished Creatures
  A dart slug (D:1)
  A goblin (D:1)
  A hobgoblin (D:1)
  A quokka (D:1)
  A frilled lizard (D:1)
5 creatures vanquished.

Notes
Turn   | Place    | Note
-------+----------+-------------------------------------------
     0 | D:1      | ytrimaz the Demonspawn Berserker began the quest for the
                  | Orb.
     0 | D:1      | Reached XP level 1. HP: 18/18 MP: 1/1
   190 | D:1      | Killed from afar by a dart slug

Illustrated notes

Levels and vault maps discovered:
D:1:      nzn_arrival_depleted_hourglass, layout_rooms,
          shapermc_ecumenical_altar_totnotflames

Action                   || total
-------------------------++-------
Melee: Hand axe          ||    17
Invok: Berserk           ||     1
Armor: Animal skin       ||     6
Dodge: Dodged            ||     8

Table legend: (Time is in decaauts)
 A = Elapsed time spent in this place.
 B = Non-inter-level travel time spent in this place.
 C = Inter-level travel time spent in this place.
 D = Time resting spent in this place.
 E = Time spent auto-exploring this place.
 F = Levels seen in this place.
 G = Mean time per level.
                   A        B        C        D        E       F      G
               +--------+--------+--------+--------+--------+-----+--------+
         Total |    192 |    169 |     23 |      0 |    112 |   1 |  192.0 |
       Dungeon |    192 |    169 |     23 |      0 |    112 |   1 |  192.0 |
               +--------+--------+--------+--------+--------+-----+--------+

Top non-repeatable levels by time:
     D:1: 192 daAuts
